 Seeded DCSS version 0.29-a0-830-gcb1280458a (webtiles) character file.

Game seed: 20220711 (custom seed)

1 flotson the Sneak (level 1, 0/18 HPs)
             Began as a Demonspawn Delver on July 11, 2022.
             Slain by an orc
             ... wielding a +0 short sword
              (4 damage)
             ... on level 4 of the Dungeon.
             The game lasted 00:01:38 (290 turns).

flotson the Sneak (Demonspawn Delver)                Turns: 290, Time: 00:01:38

Health: 0/18       AC:  3    Str: 12    XL:     1   Next: 16%
Magic:  1/1        EV: 11    Int: 11    God:
Gold:   14         SH:  0    Dex: 14    Spells: 0/0 levels left

rFire   . . .      SeeInvis .   a - +0 spear
rCold   . . .      Faith    .   (no shield)
rNeg    . . .      Spirit   .   b - +0 leather armour
rPois   .          Reflect  .   (no helmet)
rElec   .          Harm     .   (no cloak)
rCorr   .          Rampage  .   (no gloves)
Will    .....                   (no boots)
Stlth   ++........              (no amulet)
HPRegen 0.06/turn               (no ring)
MPRegen 0.07/turn               (no ring)

@: hasted, very quick
A: no striking features
a: no special abilities


You were on level 4 of the Dungeon.
You visited 1 branch of the dungeon, and saw 2 of its levels.

You collected 14 gold pieces.

Inventory:

Hand Weapons
 a - a +0 spear (weapon)
Armour
 b - a +0 leather armour (worn)
Wands
 g - a wand of digging (3)
Scrolls
 c - a scroll of fog
 d - a scroll of magic mapping
 e - a scroll of fear


   Skills:
 + Level 3.0 Fighting
 + Level 0.0(1.0) Axes
 * Level 1.8 Polearms
 + Level 0.0 Armour
 + Level 1.7 Dodging
 - Level 4.5 Stealth
 + Level 0.0 Evocations


You couldn't memorise any spells.
You didn't know any spells.
Your spell library was empty.

Dungeon Overview and Level Annotations

Branches:
Dungeon (5/15)
 Temple: D:4-7

Altars:
Makhleb

Annotations:
D:4 Menkaure, Sigmund


Message History

The ball python bites you but does no damage.
The ball python barely misses you.
You hit the ball python.
You kill the ball python!
You start resting.
An ice beast comes into view.
Found 4 gold pieces.
Found a stone staircase leading down.
You now have 14 gold pieces (gained 4).
You start resting.
An ice beast is nearby!
A scorpion comes into view.
An adder comes into view.
Found a dark potion.
An ogre comes into view. It is wielding a +0 giant club.
There is a stone staircase leading up here.
You climb upwards.
Level annotation: Menkaure, Sigmund The ball python bites you.
The ball python barely misses you.
The ball python closely misses you. x2; The orc hits you with a +0 short sword.
The orc barely misses you.
There is a stone staircase leading down here.
The orc attacks as you move away! The orc misses you.
The orc attacks as you move away! The orc hits you but does no damage.
The ball python bites you but does no damage.
The ball python barely misses you.
The ball python attacks as you move away!
The ball python closely misses you.
The orc shouts!
The ball python misses you. The ball python barely misses you.
The orc hits you with a +0 short sword. The orc attacks as you move away!
The orc barely misses you. The orc attacks as you move away!
The orc completely misses you. The orc attacks as you move away!
The orc barely misses you.
Found a metallic pink potion.
The orc attacks as you move away! The orc misses you.
You feel yourself speed up. The orc hits you with a +0 short sword.
* * * LOW HITPOINT WARNING * * *
You barely miss the orc. The orc hits you with a +0 short sword.
You die...

.# #.# #.# #.# #.#
#.#
####.######...#..##
#.@oo..............
####S###.!.......o.
#.###### #......
#S.....###......
#o..............
#......###......
#..o............
#?....$##.......
#..>...###...#.#


You could see 2 orcs and a ball python.

Vanquished Creatures
  A ball python (D:5)
1 creature vanquished.

Notes
Turn   | Place    | Note
-------+----------+-------------------------------------------
     0 | D:5      | flotson the Demonspawn Delver began the quest for the Orb.
     0 | D:5      | Reached XP level 1. HP: 18/18 MP: 1/1
    37 | D:4      | Noticed an orc priest
    37 | D:4      | Found a burning altar of Makhleb.
    41 | D:4      | Noticed Menkaure
    45 | D:4      | Noticed Sigmund
    58 | D:5      | Noticed an ice beast
   232 | D:5      | Noticed an ice beast
   255 | D:5      | Noticed a scorpion
   262 | D:5      | Noticed an ogre
   290 | D:4      | Slain by an orc

Illustrated notes

Levels and vault maps discovered:
D:4:      minmay_clustersquares, layout_rooms,
          mainiacjoe_overflow_cross_hatched, lemuel_tele_altar, uniq_sigmund,
          uniq_menkaure
D:5:      layout_rooms, pdpol_temple_overflow_zin_treasury_gozag_greed,
          nicolae_ru_great_annihilating_truth, gammafunk_ghost_necromancy,
          corexii_hall_statues_x, palyth_stone_intersect, minmay_between,
          uniq_duvessa

Action                   || total
-------------------------++-------
Melee: Spear             ||     2
  Use: Potion            ||     1
Armor: Leather armour    ||     8
Dodge: Dodged            ||    30

Table legend: (Time is in decaauts)
 A = Elapsed time spent in this place.
 B = Non-inter-level travel time spent in this place.
 C = Inter-level travel time spent in this place.
 D = Time resting spent in this place.
 E = Time spent auto-exploring this place.
 F = Levels seen in this place.
 G = Mean time per level.
                   A        B        C        D        E       F      G
               +--------+--------+--------+--------+--------+-----+--------+
         Total |    289 |    289 |      0 |    173 |      0 |   2 |  144.5 |
       Dungeon |    289 |    289 |      0 |    173 |      0 |   2 |  144.5 |
               +--------+--------+--------+--------+--------+-----+--------+

Top non-repeatable levels by time:
     D:5: 257 daAuts
     D:4: 32 daAuts
